 Dungeon Crawl Stone Soup version 0.29-a0-330-g52719c12eb (webtiles) character file.

Game seed: 14213622848413162495

20 jt the Sneak (level 2, -6/16 HPs)
             Began as a Vine Stalker Delver on Apr 22, 2022.
             Mangled by an orc
             ... wielding a +2 war axe of electrocution
              (8 damage)
             ... on level 4 of the Dungeon.
             The game lasted 00:02:31 (1030 turns).

jt the Sneak (Vine Stalker Delver)                  Turns: 1030, Time: 00:02:31

Health: -6/16      AC:  3    Str: 14    XL:     2   Next: 79%
Magic:  0/4        EV: 11    Int: 10    God:
Gold:   32         SH:  0    Dex: 15    Spells: 3/3 levels left

rFire   . . .      SeeInvis .   a - +0 short sword
rCold   . . .      Faith    .   (no shield)
rNeg    . . .      Spirit   +   b - +0 leather armour
rPois   .          Reflect  .   (no helmet)
rElec   .          Harm     .   (no cloak)
rCorr   .          Rampage  .   (no gloves)
Will    .....                   (no boots)
Stlth   +++.......              (no amulet)
HPRegen 0.05/turn               (no ring)
MPRegen 0.09/turn               (no ring)

@: attractive
A: fangs 2, magic shield, antimagic bite, no potion heal 2
a: no special abilities


You were on level 4 of the Dungeon.
You visited 1 branch of the dungeon, and saw 3 of its levels.

You collected 32 gold pieces.

Inventory:

Hand Weapons
 a - a +0 short sword (weapon)
 i - a +0 short sword
 k - a +1 falchion of flaming
 m - a +0 trident
Missiles
 n - 18 stones (quivered)
Armour
 b - a +0 leather armour (worn)
 f - a +0 scale mail
Wands
 g - a wand of digging (3)
Scrolls
 c - a scroll of fog
 d - a scroll of magic mapping
Potions
 j - a potion of mutation


   Skills:
 + Level 3.0 Fighting
 + Level 2.2 Short Blades
 - Level 1.5 Dodging
 - Level 6.0 Stealth
 + Level 1.0 Spellcasting


You had 3 spell levels left.
You didn't know any spells.
Your spell library was empty.

Dungeon Overview and Level Annotations

Branches:
Dungeon (6/15)
 Temple: D:4-7

Altars:


Innate Abilities, Weirdness & Mutations

You have extremely sharp teeth.
When hurt, damage is shared between your health and your magic reserves.
Your bite disrupts and absorbs the magic of your enemies.
Potions cannot restore your health.


Message History

An orc comes into view. It is wielding a +0 club.
The orc is attracted toward you.
The orc shouts!
You hit the orc.
You kill the orc!
You feel sick.
You hear a shout! x2; You hear an angry hiss.
You hear a shout!
An orc comes into view. It is wielding a +0 dagger.
You feel sick.
You are no longer poisoned.
The orc shouts!
A kobold comes into view. It is wielding a +0 dagger.
The orc moves out of view.
The kobold is attracted toward you.
You see here a +0 club.
The kobold closely misses you. The orc is attracted toward you.
You hit the kobold.
The kobold is moderately wounded.
The orc closely misses you. The kobold barely misses you.
The orc barely misses you. The kobold attacks as you move away!
The kobold misses you.
The kobold unwields a +0 dagger.
The kobold wields a +0 hand crossbow.
The kobold shoots a bolt.
The bolt barely misses you. The kobold is attracted toward you.
You see here a +0 club.
You closely miss the orc.
The orc hits you with a +2 war axe of electrocution.
You hit the orc but do no damage.
The kobold shoots a bolt.
The bolt hits you.
You hear a shout!
The orc is attracted toward you. x2
Okay, then.
Okay, then.
You hear an angry hiss.
You hit the orc but do no damage. Your bite misses the orc.
The orc barely misses you.
You hit the orc but do no damage.
The orc hits you with a +2 war axe of electrocution!
* * * LOW HITPOINT WARNING * * *
You are electrocuted!
Ouch! That really hurt!
You die...

## .. .. .# ..
.##.# ####.#..#
#..>...# # #.##.###
# #. #@#..# #.
#.###o#.##
##.##.#.Ko#S#
.......o###o#
.#.#.#...##o#
..#.#.##.....#####
...................
.##............####
.......!.#####....


You could see 3 orcs and a kobold.

Vanquished Creatures
  A shadow imp (D:6)
  3 orcs
  4 jackals (D:5)
8 creatures vanquished.

Notes
Turn   | Place    | Note
-------+----------+-------------------------------------------
     0 | D:5      | jt the Vine Stalker Delver began the quest for the Orb.
     0 | D:5      | Reached XP level 1. HP: 11/11 MP: 2/2
    29 | D:5      | Noticed a scorpion
    83 | D:6      | Noticed an orc warrior
   122 | D:6      | Reached XP level 2. HP: 1/16 MP: 0/3
  1015 | D:4      | Reached skill level 1 in Spellcasting
  1030 | D:4      | Mangled by an orc

Illustrated notes

Levels and vault maps discovered:
D:4:      cheibrodos_quashed, layout_rooms,
          grunt_temple_overflow_gold_and_silver
D:5:      layout_rooms, serial_curves, eino_curves_03, eino_curves_01,
          eino_curves_01, eino_curves_04, minmay_checkerbox,
          uniq_crazy_yiuf_cottage
D:6:      layout_basic, palyth_temple_overflow_mages, serial_shops, shop,
          centaur_isle

Skill      XL: |  1  2 |
---------------+-------+-----
Short Blades   | 2 |  2.2
Fighting       | 3 |  3.0
Spellcasting   | 1 |  1.0
Dodging        | |  1.5
Stealth        | |  6.0

Action                   || total
-------------------------++-------
Melee: Short sword       ||    53
       Bite              ||    11
Throw: Stone             ||     2
  Use: Scroll            ||     4
       Potion            ||     2
Armor: Leather armour    ||    11
Dodge: Dodged            ||    35

Table legend: (Time is in decaauts)
 A = Elapsed time spent in this place.
 B = Non-inter-level travel time spent in this place.
 C = Inter-level travel time spent in this place.
 D = Time resting spent in this place.
 E = Time spent auto-exploring this place.
 F = Levels seen in this place.
 G = Mean time per level.
                   A        B        C        D        E       F      G
               +--------+--------+--------+--------+--------+-----+--------+
         Total |   1016 |    975 |     41 |    542 |     33 |   3 |  338.7 |
       Dungeon |   1016 |    975 |     41 |    542 |     33 |   3 |  338.7 |
               +--------+--------+--------+--------+--------+-----+--------+

Top non-repeatable levels by time:
     D:5: 497 daAuts
     D:6: 476 daAuts
     D:4: 42 daAuts
